 Dungeon Crawl Stone Soup version 0.29.1-1-gd02db6906a (webtiles) character file.

Game seed: 5961785991975463025

1705 Demigod47 the Covered (level 8, 0/63 HPs)
             Began as a Demonspawn Abyssal Knight on Oct 10, 2022.
             Was an Elder of Lugonu.
             Slain by an orc warrior
             ... wielding a +0 glaive of protection
              (9 damage)
             ... on level 6 of the Dungeon.
             The game lasted 00:19:25 (6529 turns).

Demigod47 the Covered (Demonspawn Abyssal Knight)   Turns: 6529, Time: 00:19:26

Health: 0/63       AC: 15    Str: 17    XL:     8   Next: 73%
Magic:  10/10      EV:  8    Int: 10    God:    Lugonu [****..]
Gold:   346        SH:  0    Dex: 19    Spells: 7/7 levels left

rFire   . . .      SeeInvis .   z - +3 great sword
rCold   + . .      Faith    .   (shield currently unavailable)
rNeg    . . .      Spirit   .   p - +0 chain mail {rC+}
rPois   +          Reflect  .   (helmet unavailable)
rElec   +          Harm     .   i - +0 cloak
rCorr   .          Rampage  .   c - +0 pair of gloves
Will    +....                   (no boots)
Stlth   ..........              f - amulet of regeneration
HPRegen 1.00/turn               t - ring "Jupt" {rPois Will+}
MPRegen 0.12/turn               j - ring "Ewipsog" {Wiz rElec Str+3}

@: no status effects
A: horns 3, sharp scales 2, agile 1, poison resistance
a: Renounce Religion, Depart the Abyss, Bend Space, Banish, Corrupt


You were on level 6 of the Dungeon.
You worshipped Lugonu.
Lugonu was greatly pleased with you.
You visited 1 branch of the dungeon, and saw 6 of its levels.
You visited the Abyss 1 time.

You collected 346 gold pieces.

Inventory:

Hand Weapons
 a - a +1 short sword
 z - a +3 great sword (weapon)
 A - a +3 long sword
Missiles
 n - 7 javelins (quivered)
 q - a throwing net
Armour
 c - a +0 pair of gloves (worn)
 d - a +0 plate armour
 h - a +0 scale mail
 i - a +0 cloak (worn)
 m - a +0 ring mail
 p - a +0 chain mail of cold resistance (worn)
 w - a +0 kite shield
Jewellery
 f - an amulet of regeneration (around neck)
 j - the ring "Ewipsog" (right hand) {Wiz rElec Str+3}
   (You found it on level 4 of the Dungeon)

   [ring of wizardry]

   It improves your spell success rate.
   Str:       It affects your strength (+3).
   rElec:     It insulates you from electricity.
 k - an amulet of magic regeneration
 l - an amulet of the acrobat
 o - a ring of see invisible
 t - the ring "Jupt" (left hand) {rPois Will+}
   (You found it on level 3 of the Dungeon)

   [ring of willpower]

   rPois:     It protects you from poison.
   Will:      It increases your willpower.
 C - a ring of flight
Scrolls
 b - 2 scrolls of butterflies
 e - 2 scrolls of amnesia
 r - 3 scrolls of blinking
 s - a scroll of fear
 u - a scroll of summoning {unknown}
 v - a scroll of noise {unknown}
 x - a scroll of identify
 y - a scroll of enchant weapon {unknown}
 B - a scroll of silence {unknown}
 D - a scroll of enchant armour {unknown}
 E - a scroll of teleportation {unknown}
Potions
 g - 2 potions of magic


   Skills:
 + Level 5.4 Fighting
 - Level 5.6 Short Blades
 * Level 0.6(3.5) Long Blades
 + Level 6.6 Armour
 + Level 2.7 Dodging
 - Level 0.1 Stealth
 + Level 2.1 Shields
 + Level 2.8 Invocations


You had 7 spell levels left.
You didn't know any spells.
Your spell library contained the following spells:

 Spells                   Type           Power      Damage    Failure   Level
 Apportation              Tloc           0%         N/A       85%         1
 Shock                    Conj/Air       0%         1d3       85%         1
 Gell's Gravitas          Tloc           0%         N/A       99%         3
 Lesser Beckoning         Tloc           0%         N/A       99%         3
 Teleport Other           Tloc           0%         N/A       99%         3
 Animate Dead             Necr           0%         N/A       100%        4
 Corpse Rot               Necr/Pois/Air  0%         N/A       100%        4
 Dispel Undead            Necr           0%         3d6       100%        4
 Alistair's Intoxication  Tmut/Pois      0%         N/A       100%        5
 Death Channel            Necr           0%         N/A       100%        6
 Haunt                    Necr/Summ      0%         N/A       100%        7
 Infestation              Necr           0%         N/A       100%        8


Dungeon Overview and Level Annotations

Branches:
Dungeon (6/15)
 Temple: D:4-7

Altars:
Hepliaklqana
Kikubaaqudgha
Sif Muna
Uskayaw
Vehumet
Yredelemnul


Innate Abilities, Weirdness & Mutations

You have a pair of large horns on your head.
You are mostly covered in razor-sharp scales. (AC +2, Slay +2)
You are agile. (Dex +4, Str/Int -1)
Your system is resistant to poisons. (rPois)


Message History

An orc comes into view. It is wielding a +0 short sword.
The orc priest hits you but does no damage.
The orc shouts!
You slash the orc priest! You headbutt the orc priest.
You kill the orc priest!
Lugonu accepts your kill.
You hear a shout!
An orc priest comes into view. It is wielding a +0 hand axe.
You hear a shout!
Your life force feels restored.
Unknown command.
The orc warrior completely misses you.
The orc warrior hits you with a +0 glaive of protection.
You slice the orc warrior!! Your headbutt misses the orc warrior.
The orc warrior is severely wounded.
The orc warrior barely misses you.
You hit the orc warrior but do no damage.
Your headbutt misses the orc warrior.
The orc warrior is severely wounded.
The orc priest invokes the aid of Beogh against you.
Beogh smites you!
The orc warrior hits you with a +0 glaive of protection.
The orc warrior hits you with a +0 glaive of protection!
The orc warrior hits you from afar with a +0 glaive of protection!!
* * * LOW HITPOINT WARNING * * *
Unknown command.
The orc warrior hits you from afar with a +0 glaive of protection.
* * * LOW HITPOINT WARNING * * *
The orc warrior hits you from afar with a +0 glaive of protection.
* * * LOW HITPOINT WARNING * * *
The orc warrior hits you from afar with a +0 glaive of protection!
* * * LOW HITPOINT WARNING * * *
The orc warrior closely misses you.
You completely miss the orc warrior.
The orc warrior is severely wounded.
The orc warrior hits you with a +0 glaive of protection!
* * * LOW HITPOINT WARNING * * *
The orc barely misses you. The orc hits you but does no damage.
The orc warrior hits you with a +0 glaive of protection!
You die...

....###+###.............#
#...###.# ..........#####
##......# #########.#
##)##..# ###.# #.###.#
..#.# #.# #.### #.#.# #.#
#...#### #.#.# #.# #.#
#.#....####o#.# #.# #.#
#.####....@o..# #.# #..
#.# ######o#o# #.# #+#
#.# #.#.## #.# #.. ..#oo#
#.# ###
####.o##########.#
#.....o........
#..........##..
#..........##..
#..........##..


You could see an orc warrior, an orc priest and 2 orcs.

Vanquished Creatures
  Sigmund (D:3)
  A water moccasin (D:6)
  A black bear (D:6)
  A sky beast (D:6)
  An ogre (D:6)
  A centaur (D:6)
  A phantom (D:5)
  A necrophage (D:4)
  A scorpion (D:6)
  4 wights (D:6)
  3 hounds
  Crazy Yiuf (D:3)
  An orc priest (D:6)
  3 iguanas
  9 orc wizards
  8 adders
  7 gnolls
  An ufetubus (D:5)
  2 worms
  A dart slug (D:2)
  15 orcs
  3 bats
  6 endoplasms
  A giant cockroach (D:2)
  13 goblins
  2 hobgoblins
  4 jackals (D:1)
  2 quokkas (D:4)
  3 ball pythons
  4 frilled lizards
  6 kobolds
  2 rats (D:3)
110 creatures vanquished.

Vanquished Creatures (others)
  An orc wizard (D:4)
1 creature vanquished.

Grand Total: 111 creatures vanquished

Notes
Turn   | Place    | Note
-------+----------+-------------------------------------------
     0 | Abyss:1  | Demigod47 the Demonspawn Abyssal Knight began the quest for
                  | the Orb.
     0 | Abyss:1  | Reached XP level 1. HP: 18/18 MP: 2/2
     1 | D:1      | Escaped the Abyss
   118 | D:1      | Reached skill level 1 in Dodging
   654 | D:1      | Reached skill level 2 in Armour
   654 | D:1      | Gained mutation: You are partially covered in razor-sharp
                  | scales. (AC +1, Slay +1) [demonic ancestry]
   654 | D:1      | Reached XP level 2. HP: 12/24 MP: 3/3
  1651 | D:2      | Gained mutation: You are mostly covered in razor-sharp
                  | scales. (AC +2, Slay +2) [demonic ancestry]
  1651 | D:2      | Reached XP level 3. HP: 15/29 MP: 4/4
  2699 | D:3      | Gained mutation: You have a pair of small horns on your
                  | head. [demonic ancestry]
  2699 | D:3      | Reached XP level 4. HP: 35/35 MP: 5/5
  2882 | D:3      | Identified the ring "Jupt" {rPois Will+}
  3017 | D:3      | Reached *** piety under Lugonu
  3042 | D:3      | Noticed Sigmund
  3072 | D:3      | Killed Sigmund
  3073 | D:3      | Reached skill level 3 in Armour
  3073 | D:3      | Gained mutation: You have a pair of horns on your head.
                  | [demonic ancestry]
  3073 | D:3      | Reached XP level 5. HP: 14/42 MP: 4/6
  3114 | D:3      | Found a runed translucent door.
  3115 | D:3      | Noticed Crazy Yiuf
  3587 | D:3      | Killed Crazy Yiuf
  3588 | D:3      | Reached skill level 4 in Armour
  3588 | D:3      | Gained mutation: You have a pair of large horns on your
                  | head. [demonic ancestry]
  3588 | D:3      | Reached XP level 6. HP: 34/48 MP: 7/7
  3727 | D:4      | Identified the ring "Ewipsog" {Wiz rElec Str+3}
  4260 | D:4      | Found a shimmering blue altar of Sif Muna.
  4274 | D:4      | Found an ancient bone altar of Kikubaaqudgha.
  4292 | D:4      | Found a radiant altar of Vehumet.
  4318 | D:4      | Reached XP level 7. HP: 35/54 MP: 8/8
  4368 | D:4      | Got Vehumet's Secrets of Battle Magic
  4679 | D:4      | Gained mutation: Your system is resistant to poisons.
                  | (rPois) [potion of mutation]
  4679 | D:4      | Gained mutation: You are agile. (Dex +4, Str/Int -1)
                  | [potion of mutation]
  4763 | D:4      | Reached **** piety under Lugonu
  5169 | D:5      | Entered Level 5 of the Dungeon
  5258 | D:5      | Reached skill level 5 in Armour
  5677 | D:5      | Found a hazy altar of Hepliaklqana.
  5677 | D:5      | Found a hide-covered altar of Uskayaw.
  5680 | D:5      | Found a basalt altar of Yredelemnul.
  5919 | D:6      | Reached skill level 5 in Fighting
  5919 | D:6      | Reached skill level 5 in Short Blades
  5919 | D:6      | Reached XP level 8. HP: 58/62 MP: 10/10
  5948 | D:6      | Reached skill level 6 in Armour
  5948 | D:6      | Reached skill level 1 in Shields
  6529 | D:6      | Slain by an orc warrior

Illustrated notes

Levels and vault maps discovered:
D:1:      dpeg_arrival_concentric_ovals, layout_loops_ring,
          minmay_misc_feat_tiny
D:2:      layout_basic, minmay_fountain_box, kennysheep_potato
D:3:      layout_basic, uniq_crazy_yiuf_cottage, uniq_sigmund
D:4:      layout_layer_cave, palyth_temple_overflow_mages
D:5:      layout_rooms, minitemple
D:6:      layout_basic

Skill      XL: |  1  2  3  4  5  6  7  8 |
---------------+-------------------------+-----
Dodging        | 1 2 |  2.7
Armour         | 2 3 4 5 6 |  6.6
Short Blades   | 2 3 4 5 |  5.6
Fighting       | 4 5 |  5.4
Shields        | 2 |  2.1
Long Blades    | |  0.6
Stealth        | |  0.1
Invocations    | |  2.8

Action                   |  1- 3 |  4- 6 |  7- 9 || total
-------------------------+-------+-------+-------++-------
Melee: Short sword       |   149 |   177 |   177 ||   503
       Headbutt          |       |    25 |    41 ||    66
       Punch             |       |     4 |       ||     4
       Great sword       |       |       |    10 ||    10
Throw: Javelin           |       |       |     2 ||     2
Invok: Bend Space        |       |     1 |     2 ||     3
  Use: Scroll            |     2 |     1 |     2 ||     5
       Potion            |       |     5 |     2 ||     7
Armor: Leather armour    |    57 |       |       ||    57
       Scale mail        |    39 |    61 |       ||   100
       Chain mail        |       |    58 |   145 ||   203
Dodge: Dodged            |   124 |    46 |    75 ||   245
Block: Kite shield       |       |       |    61 ||    61
